 Dungeon Crawl Stone Soup version 0.26.0-7-g794d0892b4 (webtiles) character file.

Game seed: 10649964767334433174

462 prey the Skirmisher (level 6, -1/87 HPs)
             Began as a Minotaur Berserker on Jan 11, 2021.
             Was a Priest of Trog.
             Slain by Edmund
             ... wielding a +4 dire flail of protection
              (6 damage)
             ... on level 4 of the Dungeon.
             The game lasted 00:12:38 (3498 turns).

prey the Skirmisher (Minotaur Berserker)            Turns: 3498, Time: 00:12:41

Health: -1/87      AC: 23    Str: 21    XL:     6   Next: 79%
Magic:  5/5        EV:  2    Int:  6    God:    Trog [***...]
Gold:   238        SH:  0    Dex: 10    Spells: 5/5 levels left

rFire    . . .     SeeInvis .   a - +0 falchion
rCold    . . .     Faith    .   (no shield)
rNeg     + + +     Spirit   .   (armour currently unavailable)
rPois    +         Reflect  .   (helmet currently unavailable)
rElec    .         Harm     .   (cloak currently unavailable)
rCorr    .         Rampage  .   (gloves currently unavailable)
Will     .....     NoTele   +   (boots currently unavailable)
Stlth    +.........             (no amulet)
HPRegen  0.24/turn              (no ring)
MPRegen  0.09/turn              (no ring)

@: tree-form, berserk cooldown, slowed, very slow
A: (retaliatory headbutt)
a: Renounce Religion, Berserk, Trog's Hand


You were on level 4 of the Dungeon.
You worshipped Trog.
Trog was most pleased with you.
You were a tree.
You visited 2 branches of the dungeon, and saw 5 of its levels.

You collected 238 gold pieces.

Inventory:

Hand Weapons
 a - a +0 falchion (weapon)
 v - a +0 mace of protection
 C - a +0 hand axe
 D - a +0 hunting sling
Missiles
 h - 2 boomerangs
 K - 49 sling bullets
Armour
 b - a +0 animal skin
 m - a cursed +0 chain mail (melded)
 t - a cursed +0 scale mail
 w - a +0 scale mail
 z - a +0 pair of boots (melded)
 B - a +0 pair of gloves
 E - a +3 leather armour
 F - a +0 plate armour
 I - a +0 pair of gloves (melded)
Jewellery
 c - a +6 ring of intelligence {unknown}
Wands
 A - a wand of random effects (13)
 J - a wand of iceblast (7)
Scrolls
 e - 2 scrolls of enchant armour {unknown}
 f - 2 scrolls of teleportation {unknown}
 n - 3 scrolls of immolation {unknown}
 o - 8 scrolls of identify {unknown}
 p - a scroll of fog {unknown}
 q - 3 scrolls of fear {unknown}
 r - a scroll of blinking {unknown}
 u - 2 scrolls of enchant weapon {unknown}
 x - 3 scrolls of noise {unknown}
 y - 2 scrolls of remove curse {unknown}
 H - a scroll of amnesia {unknown}
Potions
 d - 2 potions of lignification
 g - a potion of haste {unknown}
 i - 2 potions of heal wounds {unknown}
 j - 3 potions of curing {unknown}
 k - a potion of degeneration {unknown}
 l - 3 potions of brilliance {unknown}
 s - a potion of might {unknown}
 G - 2 potions of magic {unknown}


   Skills:
 * Level 6.3 Fighting
 - Level 4.2 Long Blades
 + Level 2.0 Slings
 * Level 5.3 Armour
 + Level 3.7 Dodging


You had 5 spell levels left.
You didn't know any spells.
Your spell library was empty.

Dungeon Overview and Level Annotations

Branches:
Dungeon (4/15)             Temple (1/1) D:4

Altars:
Cheibriados
Dithmenos
Elyvilon
Gozag
Hepliaklqana
Kikubaaqudgha
Makhleb
Nemelex Xobeh
Okawaru
Qazlal
Sif Muna
Trog
Uskayaw
Vehumet
Zin

Annotations:
D:4 Edmund


Innate Abilities, Weirdness & Mutations

((You reflexively headbutt those who attack you in melee.))
((You have a pair of horns on your head.))


Message History

* * * LOW HITPOINT WARNING * * *
Edmund hits you with a +4 dire flail of protection!
* * * LOW HITPOINT WARNING * * *
You are too injured to fight recklessly!
You feel a strong urge to attack something.
You feel your anger nearly subside.
You are no longer berserk.
You are exhausted.
You feel yourself slow down.
You hear a shout!
Edmund hits you but does no damage.
Edmund hits you with a +4 dire flail of protection!
* * * LOW HITPOINT WARNING * * *
It was a potion of lignification.
You turn into a tree.
Your +0 pair of gloves melds into your body.
Your +0 pair of boots melds into your body.
Your cursed +0 chain mail melds into your body.
Your roots penetrate the ground.
Edmund hits you with a +4 dire flail of protection.
You die...

#..#......##.#..####..#.#.#
#..#......##..........#.#.#
#†........####...###.##.#.# ##
.†######### #<#.###.##.#.# .
..##############..##.##.#.# ####
...................#....#.. ....
###############......############
..............'.....>+...........
#########...#.#.♣....#####.######
#### #......#....@...## #.## ...#
#.###.......#....####..### ##.#
#.#<#....................#
#.###.#.#.#########..#######.#
#.........#...............)#.###
######.#...#...#...........##....
........#..### ##)#.........#....
######..#..PP# ###.######..#....


You could see Edmund (berserk).

Vanquished Creatures
  A bullfrog (D:4)
  A scorpion (D:4)
  3 vampire bats (D:4)
  Terence (D:2)
  2 worker ants
  3 adders
  An ooze (D:1)
  5 worms
  3 dart slugs
  4 leopard geckos
  5 orcs (D:3)
  7 bats
  A bat skeleton (D:4)
  5 bat zombies (D:4)
  13 giant cockroaches
  6 goblins
  4 hobgoblins
  7 jackals
  4 ball pythons
  4 frilled lizards
  6 kobolds
  A leopard gecko skeleton (D:4)
  10 rats
97 creatures vanquished.

Vanquished Creatures (others)
  A plant (D:4)
1 creature vanquished.

Grand Total: 98 creatures vanquished

Notes
Turn   | Place    | Note
-------+----------+-------------------------------------------
     0 | D:1      | prey the Minotaur Berserker began the quest for the Orb.
     0 | D:1      | Reached XP level 1. HP: 19/19 MP: 0/0
   238 | D:1      | Reached skill level 4 in Fighting
   238 | D:1      | Reached XP level 2. HP: 23/27 MP: 1/1
  1065 | D:2      | Reached XP level 3. HP: 29/33 MP: 2/2
  1437 | D:2      | Noticed Terence
  1443 | D:2      | Killed Terence
  1444 | D:2      | Reached XP level 4. HP: 41/41 MP: 3/3
  1576 | D:2      | Reached ** piety under Trog
  2058 | D:3      | Reached skill level 5 in Fighting
  2301 | D:3      | Reached XP level 5. HP: 46/48 MP: 4/4
  2336 | D:3      | Found a glowing silver altar of Zin.
  2689 | D:4      | Reached skill level 1 in Slings
  2739 | D:4      | Reached *** piety under Trog
  2832 | D:4      | Found an ancient bone altar of Kikubaaqudgha.
  2837 | D:4      | Reached XP level 6. HP: 53/57 MP: 5/5
  2848 | D:4      | Reached skill level 6 in Fighting
  2848 | D:4      | Reached skill level 5 in Armour
  2925 | D:4      | Found a staircase to the Ecumenical Temple.
  2931 | Temple   | Entered the Ecumenical Temple
  3485 | D:4      | Noticed Edmund
  3498 | D:4      | Slain by Edmund

Illustrated notes

Levels and vault maps discovered:
D:1:      onia_arrival_mini_maze, layout_basic
D:2:      layout_basic, uniq_terence
D:3:      minmay_roachtagon, layout_basic, old_standard_altar,
          minmay_tree_intersection
D:4:      layout_basic, kennysheep_vampire_church, minmay_temple_entry_hall,
          sigmund_edmund_badplayer
Temple:   dshaligram_water_room_temple

Skill      XL: |  1  2  3  4  5  6 |
---------------+-------------------+-----
Fighting       | 4 5 6 |  6.3
Long Blades    | 4 |  4.2
Armour         | 3 4 5 |  5.3
Dodging        | 3 |  3.7
Slings         | 1 2 |  2.0

Action                   |  1- 3 |  4- 6 || total
-------------------------+-------+-------++-------
Melee: Falchion          |    72 |   166 ||   238
       Headbutt          |    12 |    27 ||    39
Invok: Berserk           |     1 |     2 ||     3
  Use: Potion            |       |     1 ||     1
Armor: Animal skin       |     6 |       ||     6
       Chain mail        |    16 |   117 ||   133
Dodge: Dodged            |    36 |    87 ||   123
       Rpst.: Falchion   |    10 |    20 ||    30
